[Event "MČR juniorů a juniorek v rapid šachu 2024"]
[Site "Hotel Fit Fun, Harrachov, Czech Republic"]
[Date "2024.09.21"]
[Round "6.6"]
[White "Hozda Max"]
[Black "Jun Rudolf"]
[Result "1/2-1/2"]
[TimeControl "20+5"]
[WhiteFideId "23725958"]
[BlackFideId "376612"]
[WhiteElo "1939"]
[BlackElo "2142"]

1. Nf3 c5 2. e3 Nc6 3. b3 b6 4. Bb2 Bb7 5. c4 Nf6 6. Nc3 e6 7. d4 cxd4 8. Nxd4 Be7 9. Be2 Nxd4 10.
Qxd4 O-O 11. O-O d6 12. Rfd1 Qd7 13. e4 Rfd8 14. e5 dxe5 15. Qxe5 Bd6 16. Qg5 h6 17. Qh4 Qe7 18. a3 Be5 19.
b4 Rxd1+ 20. Rxd1 Rd8 21. Qh3 Rxd1+ 22. Nxd1 Bxb2 23. Nxb2 Ne4 24. Qd3 Nxf2 25. Qd4 Ne4 26. Bf3 f5 27.
Nd3 Qd6 28. Qxd6 Nxd6 29. c5 Ne4 30. Bxe4 Bxe4 31. Ne5 bxc5 32. bxc5 Kf8 33. Kf2 Ke7 34. g3 Kf6 35. Nd7+ Ke7 36. Ne5 Kf6 37. Nd7+ Ke7 38. Ne5 g5 39. Ke3 Bd5 40. h4 f4+ 1/2-1/2



[ePGN "0.1;DGT LiveChess/2.2.6"]

[Event "MČR juniorů a juniorek v rapid šachu 2024"]
[Site "Hotel Fit Fun, Harrachov, Czech Republic"]
[Date "2024.09.21"]
[Round "6.7"]
[White "Pressler Tobias"]
[Black "Sulcova Tereza Radmila"]
[Result "1-0"]
[TimeControl "20+5"]
[WhiteFideId "23715359"]
[BlackFideId "395196"]
[WhiteElo "1992"]
[BlackElo "1800"]

1. e4 e6 2. d4 d5 3. Nd2 Nf6 4. e5 Nfd7 5. Bd3 c5 6. c3 Nc6 7. Ne2 Qb6 8. Nf3 f6 9. exf6 Nxf6 10.
O-O Bd6 11. dxc5 Bxc5 12. b4 Bd6 13. b5 Ne7 14. Bf4 Bxf4 15. Nxf4 Qd6 16. Ne2 e5 17. Bc2 Bg4 18. Nd2 O-O 19.
h3 Bh5 20. Bb3 Kh8 21. Re1 Rac8 22. Rc1 Qd7 23. c4 d4 24. f3 Nf5 25. Nf1 Nh4 26. Neg3 Qe8 27. Nxh5 Nxh5 28. Re4 Nf4 29.
Rc2 Qg6 30. Kh1 Nfxg2 31. Rg4 Qh5 32. Rcxg2 Nxg2 33. Kxg2 Rf6 34. Ng3 Qe8 35. Ne4 Rh6 36. Qe1 a6 37. bxa6 Rxa6 38. Qg3 Rc7 39.
c5 b6 40. Nd6 Qf8 41. Qxe5 bxc5 42. Rf4 Qd8 43. Rf7 1-0



[ePGN "0.1;DGT LiveChess/2.2.6"]

[Event "MČR juniorů a juniorek v rapid šachu 2024"]
[Site "Hotel Fit Fun, Harrachov, Czech Republic"]
[Date "2024.09.21"]
[Round "6.8"]
[White "Sichrovsky Tomas"]
[Black "Housa Vojtech"]
[Result "1-0"]
[TimeControl "20+5"]
[WhiteFideId "23704730"]
[BlackFideId "23736364"]
[WhiteElo "1928"]
[BlackElo "1691"]

1. d4 Nf6 2. c4 g6 3.
Nc3 Bg7 4. e4 d6 5. Nf3 O-O 6. Be2 Nfd7 7. O-O e5 8. d5 f5 9. Ng5 Nf6 10. f3 h6 11. Ne6 Bxe6 12. dxe6 c6 13. exf5 gxf5 14. Qc2 Ne8 15. Bd3 Qf6 16. Qb3 b6 17. c5 b5 18. cxd6 Nxd6 19.
Be3 Na6 20. Qa3 b4 21. Qxa6 bxc3 22. bxc3 Qxe6 23. c4 Qd7 24. Rad1 Rfd8 25. c5 Nf7 26. Bc4 Qxd1 27. Rxd1 Rxd1+ 28. Kf2 Rad8 29. f4 exf4 30.
Bxf4 Bd4+ 31. Ke2 Bxc5 32. Qxc6 Bd6 33. Kxd1 Bxf4+ 34. Ke2 Kg7 35. Qe6 Rd2+ 36. Ke1 Nd6 37. g3 Bg5 38. h4 Rd4 39.
Qg8+ Kf6 40. hxg5+ hxg5 41. Qh8+ 1-0



[ePGN "0.1;DGT LiveChess/2.2.6"]

[Event "MČR juniorů a juniorek v rapid šachu 2024"]
[Site "Hotel Fit Fun, Harrachov, Czech Republic"]
[Date "2024.09.21"]
[Round "6.9"]
[White "Vilimek Vit"]
[Black "Mrazek Adam"]
[Result "1-0"]
[TimeControl "20+5"]
[WhiteFideId "23718218"]
[BlackFideId "23725010"]
[WhiteElo "2025"]
[BlackElo "1830"]

1. e4 c5 2. a3 Nc6 3. b4 cxb4 4. axb4 Nxb4 5. c3 Nc6 6. d4 d5 7. exd5 Qxd5 8. Na3 Nf6 9. Nb5 Qd8 10. Bf4 Nd5 11. Qf3 Nxf4 12. Qxf4 e5 13. dxe5 Bc5 14.
Bc4 O-O 15. Nf3 a6 16. Nbd4 Nxd4 17. Nxd4 Bxd4 18. Qxd4 Qxd4
19. cxd4 Bf5 20. O-O b5 21.
Be2 Rfd8 22. d5 b4 23. Bc4 a5 24. Bb3 Bd7 25. e6 Be8 26. e7 Rd6 27. Rfe1 f6 28. Re4 Kf7 29. f3 Ra7 30. Rxb4 Rxe7 31. Rxa5 Kg6 32.
Kf2 Bf7 33. Bc2+ Kh6 34. Rh4+ Kg5 35. Rxh7 Bxd5 36. Be4 Red7 37.
Bxd5 Rxd5 38. Rxg7+ 1-0



[ePGN "0.1;DGT LiveChess/2.2.6"]

[Event "MČR juniorů a juniorek v rapid šachu 2024"]
[Site "Hotel Fit Fun, Harrachov, Czech Republic"]
[Date "2024.09.22"]
[Round "7.1"]
[White "Skypala Ondrej"]
[Black "Pejrimovska Viola Ruby"]
[Result "1-0"]
[TimeControl "20+5"]
[WhiteFideId "366285"]
[BlackFideId "23709529"]
[WhiteElo "2033"]
[BlackElo "1876"]

1. c4 Nf6 2. g3 g6 3. Bg2 Bg7 4. Nc3 c5 5. Nf3 O-O 6. d4 Nc6 7. dxc5 Qa5 8. O-O Qxc5 9. b3 h6 10.
Bf4 g5 11. Be3 Qf5 12. Nd4 Nxd4 13. Bxd4 d6 14. h3 Qg6 15. c5 e5 16. Be3 Qh5 17. Nd5 Nxd5 18. Qxd5 Be6 19. Qxb7 d5 20.
g4 Qh4 21. f3 Qg3 22. Bf2 Qf4 23.
c6 e4 24. e3 Qd6 25. Rac1 h5 26. c7 hxg4 27. fxg4 f5 28. Qc6 Qe7 29. gxf5 Bxf5 30. Qxd5+ Kh8 31. Bg3 Rac8 32. Rxf5 Qa3 33. Rxf8+ Rxf8 34. c8=Q 1-0



[ePGN "0.1;DGT LiveChess/2.2.6"]

[Event "MČR juniorů a juniorek v rapid šachu 2024"]
[Site "Hotel Fit Fun, Harrachov, Czech Republic"]
[Date "2024.09.22"]
[Round "7.10"]
[White "Andrle Filip"]
[Black "Rousek Jan"]
[Result "1/2-1/2"]
[TimeControl "20+5"]
[WhiteFideId "23718749"]
[BlackFideId "386669"]
[WhiteElo "1789"]
[BlackElo "1958"]

1. e4 c5 2. Nc3 Nc6 3. g3 e6 4. Bg2 Nf6 5. Nge2 d5 6. exd5 exd5 7. d4 cxd4 8. Nxd4 Bg4 9. f3 Bd7 10.
O-O Be7 11. Nxc6 bxc6 12. Be3 O-O 13. Qd2 Re8 14. Bf2 Rb8 15. Na4 Rb5 16. b3 Qa5 17. Qxa5 Rxa5 18. Rfe1 c5 19. Nb2 Bf5 20.
Re2 Kf8 21. a4 Ra6 22. Rae1 Re6 23. Rxe6 fxe6 24. Nd3 Bxd3 25. cxd3 Kf7 26. Bh3 Bd6 27. f4 h5 28. Rc1 d4 29.
Bg2 Ng4 30. h3 Nxf2 31. Kxf2 Rb8 32. Rb1 Kf6 33. Bc6 h4 34. Bb5 hxg3+ 35. Kxg3 Kf5 36. Kf3 Bxf4 37. Bc4 e5 38. Rg1 g5 39.
Bd5 Rh8 40. Rh1 Rh4 41. Be4+ Kf6 42. Kg2 g4 43. hxg4 Rxg4+ 44. Kf2 Be3+ 45. Ke2 Rg1 46. Rxg1 Bxg1 47. Kf3 Kg5 48. Bd5 a5 49. Bc6 Be3 50. Be4 Kh4 51.
Bf5 Kg5 52. Be4 Kh5 53. Bd5 Kh4 54. Be6 1/2-1/2



[ePGN "0.1;DGT LiveChess/2.2.6"]

[Event "MČR juniorů a juniorek v rapid šachu 2024"]
[Site "Hotel Fit Fun, Harrachov, Czech Republic"]
[Date "2024.09.22"]
[Round "7.11"]
[White "Juhanak Daniel"]
[Black "Urbansky Stepan"]
[Result "1/2-1/2"]
[TimeControl "20+5"]
[WhiteFideId "23718765"]
[BlackFideId "23761741"]
[WhiteElo "1982"]
[BlackElo "1837"]

1. Nf3 Nf6 2. c4 c5 3. Nc3 g6 4. g3 Bg7 5. Bg2 Nc6 6. O-O O-O 7. d4 cxd4 8. Nxd4 Nxd4 9. Qxd4 d6 10. b3 Ng4 11. Qd2 Rb8 12.
Bb2 a6 13. a4 Qa5 14. Rad1 Qh5 15. h4 Nf6 16. Nd5 Nxd5 17. Bxg7 Kxg7 18. cxd5 b5 19. a5 b4 20. Qd4+ Qe5 21. f4 Qxd4+ 22. Rxd4 Bg4 23. Re4 Rfe8 24. Rc1 Rb5 25.
Rc6 Rxd5 26. Rxa6 Rd2 27. Rb6 Bxe2 28. Rbxb4 Rc8 29. Rbd4 Rb2 30. Rxe2 Rxe2 31. Rd1 Rb8 32. a6 Rxb3 33. a7 Rxg2+ 34. Kxg2 Ra3 35. Rd5 Rxa7 36. Kf3 Kf6 37. Rd3 h5 38.
Rb3 Ra5 39. Ke4 Ra4+ 40. Kf3 e5 41. fxe5+ dxe5 42. Rc3 Kf5 43. Rb3 f6 44. Rc3 Rd4 45. Rc6 e4+ 46. Kg2 e3 47. Kf3 Rd3 48. Rc5+ Ke6 49. Ke2 Ra3 50.
Rb5 Kf7 51. Rb6 Kg7 52. Rc6 g5 53. hxg5 fxg5 54. Rb6 Kh7 55. Rc6 Kg7 56. Rb6 Kf7 57. Rh6 h4 1/2-1/2



[ePGN "0.1;DGT LiveChess/2.2.6"]

[Event "MČR juniorů a juniorek v rapid šachu 2024"]
[Site "Hotel Fit Fun, Harrachov, Czech Republic"]
[Date "2024.09.22"]
[Round "7.12"]
[White "Sulcova Tereza Radmila"]
[Black "Stejskal Michal"]
[Result "1/2-1/2"]
[TimeControl "20+5"]
[WhiteFideId "395196"]
[BlackFideId "398195"]
[WhiteElo "1800"]
[BlackElo "1926"]

1. b3 e5 2. Bb2 Nc6 3. e3 d5 4. Bb5 Bd6 5. Nf3 f6 6. c4 Nge7 7. Qc2 O-O 8. c5 e4 9. cxd6 Qxd6 10.
Nd4 Ne5 11. Ba3 Qd8 12. Nc3 a6 13. Be2 Rf7 14. d3 f5 15. f3 N7g6 16. dxe4 fxe4 17. fxe4 Qg5 18. Nxd5 Qxg2 19. O-O-O Qg5 20.
Rhg1 Qh6 21. Nf5 Bxf5 22. exf5 Nh4 23. Ne7+ Kh8 24. Qe4 Qf6 25. Nd5 Qc6+ 26. Kb1 Nxf5 27. Qxe5 Re8 28. Qc3 Qxc3 29. Nxc3 Nxe3 30. Rd3 c6 31. Bh5 g6 32. Bd1 Nf5 33.
Na4 b5 34. Nc5 a5 35. Bb2+ Kg8 36. Rd7 Rxd7 37. Nxd7 Kf7 38. Bf3 Rd8 39. Ne5+ Ke6 40. Nxc6 Rd2 41. Re1+ Kf7 42. Ne5+ Kf8 43.
Ng4 h5 44. Ne5 Nh4 45. Rf1 Nxf3 46. Rxf3+ Ke8 47. Nxg6 Rxh2 48. Rf5 h4 49. Rxb5 h3 50. Be5 Rh1+ 51. Kb2 h2 52. Bxh2 Rxh2+ 53. Ka3 a4 54. bxa4 Kd7 55.
a5 Kc7 56. Ne5 Rh6 57. Kb4 Rh4+ 58. Kb3 Rh6 59. a4 Rf6 60. Kb4 Rf4+ 61. Kc5 Rxa4 62. Nd3 Ra3 63. Nb4 Rc3+ 64. Kd4 Rh3 65.
Nd5+ Kc8 66. Kc5 Rh6 67. Rb6 Rh7 68. a6 Ra7 69. Nb4 Kc7 70. Nc6 Ra8 71. Rb7+ Kc8 72. Kb6 Rxa6+ 73. Kb5 Kxb7 74.
Nd8+ Ka7 75. Nc6+ 1/2-1/2



[ePGN "0.1;DGT LiveChess/2.2.6"]

[Event "MČR juniorů a juniorek v rapid šachu 2024"]
[Site "Hotel Fit Fun, Harrachov, Czech Republic"]
[Date "2024.09.22"]
[Round "7.13"]
[White "Nagyova Daniela"]
[Black "Siles Jan"]
[Result "1-0"]
[TimeControl "20+5"]
[WhiteFideId "390070"]
[BlackFideId "23715405"]
[WhiteElo "1787"]
[BlackElo "1873"]

1. e4 d5 2. exd5 Qxd5 3. Nc3 Qd6 4. Nf3 c6 5. d4 Bg4 6. Be2 Nf6 7. Bg5 Nbd7 8. Qd2 e6 9. O-O-O Qc7 10.
h3 Bh5 11. g4 Bg6 12. Ne5 O-O-O 13. Qe3 Nb6 14. Bf3 Bd6 15. Kb1 a6 16. Rhe1 Be7 17. Bf4 Bd6 18. h4 Nfd5 19. Nxd5 cxd5 20.
Qe2 Na4 21. Bc1 Qb6 22. Ka1 Bxe5 23. dxe5 h6 24. h5 Bh7 25. Qd2 Kb8 26. Re3 Rc8 27. Rb3 Qc7 28. c3 Nc5 29. Rb4 Rhd8 30.
Qd4 a5 31. Rb5 b6 32. Be3 Qc6 33. Be2 Kc7 34.
b4 Na4 35. bxa5 Rb8 36. axb6+ Nxb6 37. Rc5 Kb7 38. Rxc6 Kxc6 39. Ba6 Kd7 40. Bb5+ Kc7 41. Qc5+ 1-0



[ePGN "0.1;DGT LiveChess/2.2.6"]

[Event "MČR juniorů a juniorek v rapid šachu 2024"]
[Site "Hotel Fit Fun, Harrachov, Czech Republic"]
[Date "2024.09.22"]
[Round "7.14"]
[White "Hosova Sandra"]
[Black "Sadil Antonin"]
[Result "0-1"]
[TimeControl "20+5"]
[WhiteFideId "397717"]
[BlackFideId "23735597"]
[WhiteElo "1847"]
[BlackElo "1784"]

1. d4 Nf6 2. Nf3 g6 3. Bf4 Bg7 4.
Nc3 d5 5. Ne5 c6 6. f3 Nbd7 7. Qd2 O-O 8. g4 Nxe5 9. dxe5 Nd7 10. h4 Nxe5 11. O-O-O Nc4 12. Qd3 Qb6 13. b3 Qb4 14.
Na4 b5 15. bxc4 bxa4 16. a3 Bb2+ 17.
Kb1 Bxa3+ 0-1



[ePGN "0.1;DGT LiveChess/2.2.6"]

[Event "MČR juniorů a juniorek v rapid šachu 2024"]
[Site "Hotel Fit Fun, Harrachov, Czech Republic"]
[Date "2024.09.22"]
[Round "7.15"]
[White "Housa Vojtech"]
[Black "Martinkovic Adam"]
[Result "1-0"]
[TimeControl "20+5"]
[WhiteFideId "23736364"]
[BlackFideId "23728019"]
[WhiteElo "1691"]
[BlackElo "1841"]

1. e4 c6 2. d4 d5 3. exd5 cxd5 4. Bd3 Nf6 5. Nf3 Bg4 6. h3 Bh5 7.
c3 Nc6 8. O-O e6 9. Bg5 Be7 10. Nbd2 a6 11. a4 Bg6 12. Bxg6 hxg6 13. Re1 O-O 14. Nf1 b5 15. axb5 axb5 16.
Qb3 Qb6 17. Ne5 Qb7 18. Nxc6 Qxc6 19. Ne3 Qb7 20. Nc2 Rfb8 21. Nb4 Ra4 22. Nc6 Rxa1 23. Nxe7+ Qxe7 24. Rxa1 Qb7 25. Bf4 Rc8 26. Ra5 b4 27. cxb4 Rc4 28. b5 Nd7 29. Be3 Nf6 30. Qa3 Ne4 31. Ra8+ Kh7 32. Qf8 g5 33. g4 Kg6 34.
Rb8 Qc7 35. b6 Qd7 36. b7 Rc2 37. Qc8 1-0



[ePGN "0.1;DGT LiveChess/2.2.6"]

[Event "MČR juniorů a juniorek v rapid šachu 2024"]
[Site "Hotel Fit Fun, Harrachov, Czech Republic"]
[Date "2024.09.22"]
[Round "7.16"]
[White "Hrazdira Matyas Josef"]
[Black "Ret Adam Josef"]
[Result "0-1"]
[TimeControl "20+5"]
[WhiteFideId "23732954"]
[BlackFideId "384240"]
[WhiteElo "1786"]
[BlackElo "2038"]

1. e4 c5 2. Nf3 Nc6 3.
d4 cxd4 4. Nxd4 Nf6 5. Nc3 e5 6. Ndb5 d6 7. Nd5 Nxd5 8. exd5 Nb8 9. c4 Be7 10. Bd3 a6 11. Nc3 O-O 12. Be3 f5 13. f3 Bg5 14. Qd2 Bxe3 15. Qxe3 Nd7 16. a3 Nc5 17. b4 Nxd3+ 18. Qxd3 a5 19. Rb1 axb4 20. axb4 e4 21. fxe4 fxe4 22. Qe3 Qh4+ 23. g3 Qh5 24.
Ne2 Rf3 25. Qd2 Raa3 26. Nf4 Rae3+ 27. Ne2 Qh3 28. Kd1 Rd3 0-1



[ePGN "0.1;DGT LiveChess/2.2.6"]

[Event "MČR juniorů a juniorek v rapid šachu 2024"]
[Site "Hotel Fit Fun, Harrachov, Czech Republic"]
[Date "2024.09.22"]
[Round "7.17"]
[White "Stastna Martina"]
[Black "Bartak Josef"]
[Result "0-1"]
[TimeControl "20+5"]
[WhiteFideId "385123"]
[BlackFideId "23712252"]
[WhiteElo "1801"]
[BlackElo "1902"]

1. e4 e5 2. Nf3 Nc6 3. Bb5 a6 4. Ba4 d6 5. c3 f5 6. d3 Nf6 7. exf5 Bxf5 8. O-O Be7 9. h3 O-O 10.
Bb3+ Kh8 11. Re1 Qd7 12. Kh2 Rae8 13. Bc2 d5 14. Nbd2 Bd6 15. Ng1 e4+ 16. Kh1 exd3 17. Rxe8 Rxe8 18.
Bb1 Ne5 19. Ndf3 Nxf3 20. Qxf3 Re1 21. Bxd3 Be4 22. Bxe4 dxe4 23. Qe3 Rxe3 24. Bxe3 Qb5 25. b4 Be5 0-1



[ePGN "0.1;DGT LiveChess/2.2.6"]

[Event "MČR juniorů a juniorek v rapid šachu 2024"]
[Site "Hotel Fit Fun, Harrachov, Czech Republic"]
[Date "2024.09.22"]
[Round "7.18"]
[White "Sknouril Jakub"]
[Black "Zadrapova Amalie"]
[Result "0-1"]
[TimeControl "20+5"]
[WhiteFideId "23731133"]
[BlackFideId "23710276"]
[WhiteElo "1806"]
[BlackElo "1891"]

1. e4 c5 2. Nc3 Nc6 3. Nf3 d6 4. Bb5 Bd7 5. O-O Nf6 6. d4 cxd4 7. Nxd4 g6 8. Be3 Bg7 9. Qd2 Ng4 10.
Nxc6 bxc6 11. Bc4 Nxe3 12. Qxe3 O-O 13. Rad1 Qc7 14. Rfe1 e6 15. Bb3 d5 16. exd5 cxd5 17. Qg3 Qb6 18. Na4 Bxa4 19. Bxa4 Qxb2 20.
Bb3 Rac8 21. Rb1 Qf6 22. Qe3 a5 23. Rbd1 Qh4 24. Rd3 a4 0-1



[ePGN "0.1;DGT LiveChess/2.2.6"]

[Event "MČR juniorů a juniorek v rapid šachu 2024"]
[Site "Hotel Fit Fun, Harrachov, Czech Republic"]
[Date "2024.09.22"]
[Round "7.19"]
[White "Stary Simon"]
[Black "Nespurek Jakub"]
[Result "1-0"]
[TimeControl "20+5"]
[WhiteFideId "23734353"]
[BlackFideId "391816"]
[WhiteElo "1866"]
[BlackElo "1817"]

1. d4 g6 2. e4 Bg7 3. Nf3 d6 4. Nc3 Nd7 5. Be2 c5 6.
O-O cxd4 7. Nxd4 Ngf6 8. Be3 O-O 9. f4 Nc5 10. Bf3 Ne6 11. Nb3 a6 12. a4 Qc7 13. a5 Nc5 14. Nxc5 dxc5 15.
e5 Ne8 16. Ne4 Bd7 17. Bxc5 Bc6 18. Bb6 Qc8 19. Nc5 Nc7 20. Bxc6 bxc6 21. Qf3 Ne6 22. Rfd1 Nxc5 23. Bxc5 Qe6 24.
Bb6 f6 25. exf6 Bxf6 26. Re1 Qc4 27. c3 Qb5 28. Qe2 Qxe2 29. Rxe2 Rab8 30. Rd1 Rb7 31. g3 Rc8 32. Kg2 Kf7 33.
Kf3 Re8 34. Re4 e5 35. Rd6 Rc8 36. fxe5 Be7 37. e6+ Ke8 38. Rd3 Bf8 39. Kg4 Bh6 40. Rf3 Bf8 41. Ref4 Be7 42. Rf7 h5+ 43.
Kh3 g5 44. Rxe7+ Rxe7 45. Rf6 c5 46. Rh6 g4+ 47. Kg2 Rg7 48. Rh8+ Ke7 49. Rxc8 Kxe6 50. Rxc5 Rd7 51. Rxh5 Rd2+ 52. Kf1 Rxb2 53. Bd4 Rc2 54.
Ke1 Kd6 55. Kd1 Ra2 56. c4 Ra4 57. Rh6+ Kd7 58. Rxa6 Rxc4 59. Bb6 Kc6 60. Ra8 Ra4 61. Rc8+ Kb5 62. Rc5+ Ka6 63. Rf5 Ra2 64.
Rf4 Rxh2 65. Rxg4 Rg2 66. Rg8 Kb5 67. g4 Ra2 68. Rc8 Rg2 69. Rc5+ Ka6 70. Rg5 Rg3 71. Ke2 Rg2+ 72. Kf3 Ra2 73. Rf5 Ra3+ 74. Kf4 Rc3 75. g5 Rc6 76. Rf6 Rc4+ 77. Kf5 Kb7 78. g6 Rc8 79. g7 Rg8 80. Kg6 Ra8 81.
Rf7+ Ka6 82. Ra7+ Rxa7 83. Bxa7 1-0



[ePGN "0.1;DGT LiveChess/2.2.6"]

[Event "MČR juniorů a juniorek v rapid šachu 2024"]
[Site "Hotel Fit Fun, Harrachov, Czech Republic"]
[Date "2024.09.22"]
[Round "7.2"]
[White "Markina Sofiia"]
[Black "Hak David"]
[Result "0-1"]
[TimeControl "20+5"]
[WhiteFideId "23744014"]
[BlackFideId "377007"]
[WhiteElo "1885"]
[BlackElo "2103"]

1. e4 c5 2. Nc3 Nc6 3.
Bb5 Nd4 4. Nf3 e6 5. Bc4 a6 6. a4 Nf6 7. e5 d5 8. exf6 dxc4 9. fxg7 Bxg7 10. O-O Bd7 11. Ne4 Bc6 12. d3 Qc7 13.
Nxd4 Bxd4 14. c3 Be5 15. f4 O-O-O 16. fxe5 Bxe4 17. d4 Rhg8 18. g3 f5 19. Bf4 Qb6 20. Qe2 Bd3 21. Qf2 Bxf1 22.
Rxf1 cxd4 23. Rd1 Rd5 24. cxd4 Rgd8 25. Be3 Rxe5 26. Rc1 Re4 27. Rxc4+ Kb8 28. b4 Ka8 29. a5 Qb5 30. Rc3 Qxb4 31. Qc2 Rxe3 32. Rxe3 Qxd4 33.
Qf2 e5 34. Kg2 f4 0-1



[ePGN "0.1;DGT LiveChess/2.2.6"]

[Event "MČR juniorů a juniorek v rapid šachu 2024"]
[Site "Hotel Fit Fun, Harrachov, Czech Republic"]
[Date "2024.09.22"]
[Round "7.20"]
[White "Jun Robert"]
[Black "Husa Daniel"]
[Result "1-0"]
[TimeControl "20+5"]
[WhiteFideId "23709510"]
[BlackFideId "393487"]
[WhiteElo "1681"]
[BlackElo "1866"]

1. e4 c5 2. Nf3 e6 3. c3 Nf6 4. e5 Nd5 5. d4 cxd4 6. cxd4 b6 7. Bc4 Bb7 8. O-O Qc7 9. Bxd5 Bxd5 10. Nc3 Bc6 11. d5 exd5 12. Nxd5 Qb7 13. Nc3 Be7 14. Re1 O-O 15. Nd4 d6 16.
exd6 Bxd6 17. Nf5 Bc5 18. Qg4 g6 19. Bg5 h5 20. Qg3 Kh7 21. Ne7 Re8 22. Nxc6 Qxc6 23. Rxe8 Qxe8 24. Nd5 Qe6 25.
Nc7 Bd6 26. Nxe6 Bxg3 27. hxg3 fxe6 28. Re1 Nc6 29. Rxe6 Rc8 30. Kf1 Kg7 31. Rd6 Rc7 32. Bf4 Kf7 33. Rxg6 Rd7 34. Rxc6 1-0



[ePGN "0.1;DGT LiveChess/2.2.6"]

[Event "MČR juniorů a juniorek v rapid šachu 2024"]
[Site "Hotel Fit Fun, Harrachov, Czech Republic"]
[Date "2024.09.22"]
[Round "7.21"]
[White "Dobsa Emma"]
[Black "Stara Zuzana"]
[Result "1-0"]
[TimeControl "20+5"]
[WhiteFideId "23709391"]
[BlackFideId "23733543"]
[WhiteElo "1830"]
[BlackElo "1796"]

1. e4 c6 2. d4 d5 3. Nc3 dxe4 4. Nxe4 Nf6 5. Nxf6+ exf6 6. c3 g6 7. Bd3 Bg7 8. Nf3 O-O 9. O-O Re8 10. Bf4 Nd7 11. Qd2 Nb6 12.
Rfe1 Be6 13. Re2 Nd5 14. Bh6 Qd7 15. Bxg7 Kxg7 16. h3 a5 17. Rae1 a4 18. Be4 Nb6 19. Bb1 Bd5 20. Nh2 Nc4 21. Qf4 Rxe2 22. Rxe2 Re8 23.
Ng4 Re6 24. Bf5 gxf5 25. Rxe6 Qxe6 26. Qh6+ Kg8 27. Nxf6+ Qxf6 28. Qxf6 Be6 29. Qd8+ Kg7 30. Qg5+ Kf8 31. Qc1 b5 32. h4 Nd6 33. Qb1 Ne4 34. h5 h6 35. f3 Ng3 36. Kf2 Nxh5 37.
Qh1 Nf6 38. Qxh6+ Ke7 39. Qf4 Nd5 40.
Qb8 Kf6 41. Qe5+ Ke7 42. Ke2 Kd7 43. Kd2 Nc7 44. Kc2 Nd5 45. b3 axb3+ 46. axb3 f4 47. Kb2 Ke7 48. Qg5+ Kd7 49. Qe5 Ke7 50. c4 bxc4 51. bxc4 Ne3 52. Qg5+ Kd7 53. c5 Nd5 54.
Qe5 Ke7 55. Qd6+ Kf6 56. Qxc6 Ne3 57. Qe4 Kg5 58. d5 Bxd5 59.
Qe5+ f5 60. Qg7+ Kh4 61. Qg6 Nxg2 62.
Qxg2 1-0



[ePGN "0.1;DGT LiveChess/2.2.6"]

[Event "MČR juniorů a juniorek v rapid šachu 2024"]
[Site "Hotel Fit Fun, Harrachov, Czech Republic"]
[Date "2024.09.22"]
[Round "7.22"]
[White "Mrazek Adam"]
[Black "Housa Jan"]
[Result "1/2-1/2"]
[TimeControl "20+5"]
[WhiteFideId "23725010"]
[BlackFideId "23736356"]
[WhiteElo "1830"]
[BlackElo "1788"]

1. c4 g6 2. g3 Bg7 3.
Bg2 c6 4. Nc3 Nf6 5. e4 e5 6. Nge2 d6 7. O-O O-O 8. d4 Nbd7 9. h3 Re8 10. Re1 Qc7 11. Be3 b6 12. Rc1 Bb7 13.
d5 Rac8 14. dxc6 Bxc6 15. Nb5 Bxb5 16. cxb5 Qb8 17. Nc3 Nc5 18. b4 Ne6 19. Nd5 Nxd5 20. Qxd5 Nc7 21. Qd3 Ne6 22. a4 Nd4 23. Bxd4 exd4 24.
Rc6 f5 25. Rec1 fxe4 26. Bxe4 Kh8 27. Qc4 Rcd8 28. Rc7 Rxe4 29. Qf7 Rg8 30. Rxa7 Qe8 31. a5 Qxf7 32. Rxf7 d3 33. Rd1 Rxb4 34. axb6 Rxb5 35. b7 Rb8 36. Rxd3 d5 37. Ra3 Be5 38.
f4 Bd6 39. Ra6 Bc5+ 40. Kg2 R5xb7 41. Rxb7 Rxb7 42. Ra5 Rc7 43. Kf3 Kg7 44. g4 Kf6 45. Ra6+ Kg7 46. h4 Be7 47.
Ra5 Rc3+ 48. Ke2 d4 49.
Rd5 Bc5 50. Kd2 Bf8 51. Rd7+ Kg8 52. f5 gxf5 53. gxf5 Rh3 54. Rxd4 Be7 55. Ke2 Rxh4 56. Rxh4 1/2-1/2



[ePGN "0.1;DGT LiveChess/2.2.6"]

[Event "MČR juniorů a juniorek v rapid šachu 2024"]
[Site "Hotel Fit Fun, Harrachov, Czech Republic"]
[Date "2024.09.22"]
[Round "7.23"]
[White "Pejrimovsky Tadeas Rubel"]
[Black "Vyslysel Petr"]
[Result "0-1"]
[TimeControl "20+5"]
[WhiteFideId "23709537"]
[BlackFideId "23730277"]
[WhiteElo "1895"]
[BlackElo "1678"]

1. e4 e6 2. Nf3 d5 3. e5 c5 4. b4 b6 5. b5 a6 6. a4 Bd7 7. Na3 c4 8. c3 axb5 9. axb5 Bxb5 10.
Bb2 Ba4 11. Qc1 Nd7 12. d4 cxd3 13. Bxd3 Nc5 14. Bc2 Ne7 15. O-O Nc6 16. Rd1 Nb3 17. Bxb3 Bxb3 18. Re1 Na5 19. Qf4 Be7 20. Qg4 O-O 21. Nd2 Qd7 22.
Re3 Rfc8 23. Rg3 Bf8 24. h4 Nc4 25. Ndxc4 Bxc4 26. h5 h6 27. Bc1 Kh7 28. Rf3 Rc7 29. Kh2 Rca7 30. Rg3 Qe7 31.
Rb1 Rxa3 32. Bxa3 Rxa3 33. Rxb6 Qg5 34. Qf3 Qf5 35. Qd1 Ra2 36. f3 Qxh5+ 37. Rh3 Qxe5+ 38. Rg3 Bd6 39. Qe1 Qxe1 0-1



[ePGN "0.1;DGT LiveChess/2.2.6"]

[Event "MČR juniorů a juniorek v rapid šachu 2024"]
[Site "Hotel Fit Fun, Harrachov, Czech Republic"]
[Date "2024.09.22"]
[Round "7.24"]
[White "Hudik Martin"]
[Black "Koranda Kosma"]
[Result "0-1"]
[TimeControl "20+5"]
[WhiteFideId "23769947"]
[BlackFideId "23772948"]
[WhiteElo "1572"]
[BlackElo "1884"]

1. e4 e5 2. Nf3 Nc6 3.
Bb5 a6 4. Ba4 Nf6 5. O-O Be7 6. Re1 b5 7. Bb3 O-O 8. c3 d5 9. exd5 Nxd5 10. Nxe5 Nxe5 11. Rxe5 c6 12. d4 Bd6 13.
Re1 Qh4 14. g3 Qh3 15. Re4 g5 16. Qf1 Qh5 17. Qe2 Qh3 18. Bxg5 Qf5 19. Bh6 Nf6 20. Bc2 Nxe4 21. Bxe4 Re8 22.
Bxf5 Rxe2 23. Bxc8 Re1+ 24. Kg2 Rxc8 25. Bd2 Rd1 26. Kf3 Re8 27. Be3 a5 28. Ke2 Rh1 29. h4 f5 30. Kd3 f4 31.
gxf4 Rxh4 32. Nd2 Bxf4 33. Rg1+ Kf7 34. Nf3 Rh3 35. Ng5+ Bxg5 36. Rxg5 Kf6 37. Rc5 Re6 38. Kc2 h5 39.
Bg5+ Kg6 40. Be3 Rh2 41. Kd3 h4 42. Ke2 Rf6 43. Kf1 Rh1+ 44. Kg2 Rb1 45. b3 Rb2 46. Rg5+ Kf7 47. Rh5 Rg6+ 48.
Kf1 Rxa2 49. Rxh4 a4 50. bxa4 bxa4 51.
Rf4+ Kg7 52. Rf5 Rc2 53. Ra5 Ra2 54.
Ra7+ Kf6 55. Ra6 Kf5 56. Ra5+ Ke4 57. Re5+ Kd3 58. f4 Kxc3 59. f5 Rg3 60. Re6 Rh3 61. Kg1 Kd3 62. Bg5 Kxd4 63.
Bf6+ Kd5 64. Re5+ Kd6 65. Re6+ Kd7 66. Re7+ Kc8 67. Re8+ Kb7 68. Re7+ Kb6 69. Bd4+ Kb5 70. Rb7+ Kc4 71. Bg7 Rd3 72. Rb1 Rc2 73. f6 Rf3 74. Rf1 Rxf1+ 75. Kxf1 Rc3 76. Kf2 0-1



[ePGN "0.1;DGT LiveChess/2.2.6"]

[Event "MČR juniorů a juniorek v rapid šachu 2024"]
[Site "Hotel Fit Fun, Harrachov, Czech Republic"]
[Date "2024.09.22"]
[Round "7.25"]
[White "Slivova Linda"]
[Black "Dorazilova Kristyna"]
[Result "1/2-1/2"]
[TimeControl "20+5"]
[WhiteFideId "23709294"]
[BlackFideId "23739142"]
[WhiteElo "1630"]
[BlackElo "1771"]

1. d4 d6 2. Nf3 Bg4 3. Bf4 Nd7 4. Nbd2 Ngf6 5. c4 e6 6. Qb3 Qc8 7. e4 Bxf3 8. Qxf3 e5 9. Be3 Be7 10.
Bd3 exd4 11. Bxd4 Ne5 12. Qe2 O-O 13. Bc2 Nc6 14. Bc3 Nd7 15. O-O Bf6 16. Bxf6 Nxf6 17. Qe3 Re8 18. f3 Ne5 19.
Rac1 a5 20. Rfd1 Qe6 21. Bb1 b6 22. Qf2 Nh5 23. b3 Nf4 24. Nf1 a4 25. Ne3 axb3 26. axb3 Ra7 27. Nd5 Nxd5 28. exd5 Qf6 29. Qc2 Ng6 30. Re1 Raa8 31. Re4 Re5 32.
Rce1 Rae8 33. b4 Rxe4 34. Rxe4 Rxe4 35. Qxe4 Qe5 36. Qxe5 Nxe5 37. Ba2 Kf8 38. Kf1 Ke7 39. Ke2 Kf6 40. Ke3 Ng6 41. g3 Ne7 42. Bb1 h6 43.
g4 h5 44. h3 hxg4 45. hxg4 Ng6 46. Bxg6 Kxg6 47. f4 Kf6 48. Kd4 g6 49. c5 b5 50. Ke4 g5 51. f5 1/2-1/2



[ePGN "0.1;DGT LiveChess/2.2.6"]